 Dungeon Crawl Stone Soup version 0.19-a0-1532-g228a5d9 (webtiles) character file.

4958 GameOver the Zephyrmancer (level 10, -5/75 HPs)
             Began as a Naga Wizard on Sept 13, 2016.
             Was an Elder of Okawaru.
             Slain by an orc warrior
             ... wielding a +0 long sword
              (20 damage)
             ... on level 10 of the Dungeon.
             The game lasted 01:02:43 (7719 turns).

GameOver the Zephyrmancer (Naga Wizard)             Turns: 7719, Time: 01:02:44

Health: -5/75      AC:  6    Str: 13    XL:     10   Next: 53%
Magic:  5/17       EV:  9    Int: 26    God:    Okawaru [****..]
Gold:   73         SH:  0    Dex: 11    Spells: 6 memorised, 5 levels left

rFire  . . .     SeeInvis +     w - +7 short sword of Virtue {pierce, MR+ Str+4 Int+5}
rCold  . . .     Gourm    .     O - +0 leather armour
rNeg   . . .     Faith    .     (no shield)
rPois  +         Spirit   .     Q - +1 hat
rElec  .         Dismiss  .     (no cloak)
rCorr  .         Reflect  .     o - +0 pair of gloves
MR     ++...     Harm     .     (no barding)
Stlth  +++++.....               h - amulet of regeneration
                                (no ring)
                                I - ring of stealth

@: short of breath, repel missiles, very slow
A: see invisible, deformed body, poison resistance, slowness 2, slow metabolism
1, spit poison 1, AC +3
a: Spit Poison, Heroism, Renounce Religion


You were on level 10 of the Dungeon.
You worshipped Okawaru.
Okawaru was greatly pleased with you.
You were not hungry.

You visited 2 branches of the dungeon, and saw 11 of its levels.
You also visited: Sewer.

You collected 390 gold pieces.
You spent 317 gold pieces at shops.

Inventory:

Hand Weapons
 e - a +2 dagger of draining
 i - a +0 morningstar
 w - the +7 short sword of Virtue (weapon) {pierce, MR+ Str+4 Int+5}
   (You took it off a centaur on level 6 of the Dungeon)

   It inflicts extra damage upon your enemies.
   It affects your strength (+4).
   It affects your intelligence (+5).
   It affects your resistance to hostile enchantments.
 M - a +0 vampiric hand axe
 N - a +2 flail of protection
Missiles
 R - 3 throwing nets (quivered)
Armour
 o - a +0 pair of gloves (worn)
 O - a +0 leather armour (worn)
 Q - a +1 hat (worn)
Magical Staves
 q - an uncursed staff of cold
Jewellery
 h - an amulet of regeneration (around neck)
 I - a ring of stealth (left hand)
Wands
 t - a wand of confusion (30/48)
 A - a wand of acid (7/15)
 C - a wand of confusion (21/48)
 E - a wand of lightning (5/15)
 F - a wand of random effects (26/48)
 P - a wand of paralysis (9/24)
 S - a wand of acid (5/15)
 T - a wand of flame (19/48)
 U - a wand of teleportation (5/9)
Scrolls
 a - 3 scrolls of magic mapping {unknown}
 l - a scroll of blinking {unknown}
 n - a scroll of random uselessness {unknown}
 s - 3 scrolls of teleportation {unknown}
 v - 8 scrolls of remove curse {unknown}
 G - a scroll of noise {unknown}
 H - a scroll of recharging
 K - a scroll of enchant armour {unknown}
Potions
 f - a potion of haste
 j - 2 potions of agility
 k - 2 potions of cancellation
 m - 4 potions of heal wounds
 r - 3 potions of brilliance
 u - 4 potions of invisibility
 x - 3 potions of curing
 B - 2 potions of lignification
 D - 3 potions of resistance
Books
 c - a book of Minor Magic

   Spells                             Type                      Level
   a - Magic Dart                     Conjuration                  1
   b - Blink                          Translocation                2
   c - Call Imp                       Summoning                    2
   d - Repel Missiles                 Charms/Air                   2
   e - Slow                           Hexes                        2
   f - Conjure Flame                  Conjuration/Fire             3
   g - Mephitic Cloud                 Conjuration/Poison/Air       3
 g - a book of the Sky

   Spells                             Type                      Level
   a - Summon Lightning Spire         Summoning/Air                4
   b - Airstrike                      Air                          4
   c - Silence                        Hexes/Air                    5
   d - Deflect Missiles               Charms/Air                   6
   e - Conjure Ball Lightning         Conjuration/Air              6
   f - Tornado                        Air                          9
 y - a book of Clouds

   Spells                             Type                      Level
   a - Mephitic Cloud                 Conjuration/Poison/Air       3
   b - Conjure Flame                  Conjuration/Fire             3
   c - Poisonous Cloud                Conjuration/Poison/Air       6
   d - Freezing Cloud                 Conjuration/Ice/Air          6
   e - Ring of Flames                 Charms/Fire                  7
Comestibles
 b - 6 fruits
 d - 13 bread rations
 p - 7 meat rations
 z - 3 beef jerkies
 J - a chunk of flesh
 L - a royal jelly


   Skills:
 - Level 4.1 Short Blades
 - Level 4.0 Maces & Flails
 - Level 1.5 Dodging
 - Level 8.0 Stealth
 + Level 5.2 Spellcasting
 + Level 6.9 Conjurations
 - Level 4.0 Summonings
 - Level 1.0 Translocations
 + Level 8.2 Air Magic
 - Level 5.0 Poison Magic


You had 5 spell levels left.
You knew the following spells:

 Your Spells              Type           Power        Failure   Level  Hunger
a - Magic Dart            Conj           ####         1%          1    None
b - Blink                 Tloc           N/A          12%         2    None
c - Call Imp              Summ           ####....     3%          2    None
d - Mephitic Cloud        Conj/Pois/Air  #####...     1%          3    #......
e - Summon Lightning Spi  Summ/Air       #####...     10%         4    ###....
z - Repel Missiles        Chrm/Air       ####..       3%          2    None


Dungeon Overview and Level Annotations

Branches:
Dungeon (10/15)            Temple (1/1) D:7
   Lair: D:8-11         Orc: D:9-12

Altars:
Ashenzari
Cheibriados
Dithmenos
Elyvilon
Fedhas
Gozag
Hepliaklqana
Kikubaaqudgha
Makhleb
Nemelex Xobeh
Okawaru
Qazlal
Ru
Sif Muna
Trog
Uskayaw
Vehumet
Xom
Yredelemnul
Zin
The Shining One

Shops:
D:4 }   D:9 !%?   D:10 }


Innate Abilities, Weirdness & Mutations

You cannot wear boots.
Your serpentine skin is tough. (AC +3)
You have supernaturally acute eyesight. (SInv)
Armour fits poorly on your strangely shaped body.
Your system is resistant to poisons. (rPois)
You cover ground very slowly.
You have a slow metabolism.
You can spit poison.


Message History

Aiming: Mephitic Cloud
Press: ? - help, Shift-Dir - straight line, f - orc warrior, p - orc wizard
Aim: an orc warrior, wielding a long sword and wearing a chain mail (lightly wounded)
The ball explodes into a vile cloud!
The stinking cloud engulfs the orc warrior.
The orc warrior is lightly wounded.
The stinking cloud engulfs you!
The stinking cloud engulfs the orc wizard.
The orc wizard is lightly wounded.
The stinking cloud engulfs your lightning spire.
Your lightning spire appears unharmed.
Your lightning spire is lightly damaged.
You hear a shout! x2
The orc wizard is engulfed in noxious fumes.
The orc wizard appears confused.
Your lightning spire shoots out a bolt of lightning at the orc wizard!
The bolt of electricity hits the orc wizard.
The orc warrior is engulfed in noxious fumes.
The orc warrior hits you with a long sword!!
You die...

.........................
.#...).###.#......#...#
.#..#..#..#..∩...........#
............#.#...........
##########........#####'#.
....#........#.....#. .
#..#........#..##.#.
...!#o§##'#.###.#####.'.
....))o@.(#.....# #.#.
.....)8#..#.....+ #.#.
.....).##.# ..#.# #.#.
....... #.# ..# # ###. ###
####### ### .. ###. #.#
#.## #.# #... #.# #.## #.#
#.##


You could see an orc warrior, an orc wizard (confused) and a friendly lightning
spire.

Vanquished Creatures
  A merfolk (D:10)
  A two-headed ogre (D:5)
  A harpy skeleton (D:10)
  2 yaks (D:9)
  A hippogriff (D:8)
  A hungry ghost (D:7)
  3 orc warriors
  2 sky beasts (D:9)
  A necrophage (D:8)
  A phantom (D:6)
  3 ogres
  A centaur (D:6)
  5 big kobolds (Sewer)
  4 giant frogs
  2 scorpions
  3 killer bees (D:10)
  A water moccasin skeleton (D:10)
  4 howler monkeys
  2 centaur zombies
  A crimson imp (D:5)
  A hound (D:8)
  A quasit (D:9)
  A wasp zombie (D:10)
  A giant frog skeleton (D:6)
  4 orc priests
  4 orc wizards
  A centaur skeleton (D:6)
  4 iguanas
  3 worker ants
  Robin (D:4)
  A gnoll (D:4)
  A river rat (Sewer)
  11 adders
  2 shadow imps
  3 oozes
  An adder skeleton (D:5)
  7 worms
  2 dart slugs
  6 giant geckos
  38 orcs
  2 bats (D:1)
  4 giant cockroaches
  10 goblins
  8 hobgoblins
  6 ball pythons
  A ball python zombie (D:5)
  2 giant newts (D:3)
  14 kobolds
  11 rats
191 creatures vanquished.

Vanquished Creatures (collateral kills)
  A gargoyle (D:10)
  2 yaks (D:9)
  A water moccasin (D:7)
  2 orc warriors (D:9)
  2 ogres
  2 killer bees (D:10)
  A crimson imp (D:9)
  A jelly (D:8)
  3 orc priests (D:10)
  4 orc wizards
  8 orcs
27 creatures vanquished.

Grand Total: 218 creatures vanquished

Notes
Turn   | Place    | Note
-------+----------+-------------------------------------------
     0 | D:1      | GameOver the Naga Wizard began the quest for the Orb.
     0 | D:1      | Reached XP level 1. HP: 15/15 MP: 4/4
    72 | D:1      | Reached XP level 2. HP: 22/22 MP: 6/6
    76 | D:1      | Learned a level 2 spell: Repel Missiles
   338 | D:1      | Found a glowing golden altar of the Shining One.
   570 | D:2      | Noticed a dagger
   571 | D:2      | Noticed a dagger
   573 | D:2      | Reached XP level 3. HP: 19/28 MP: 4/7
   581 | D:2      | Learned a level 3 spell: Mephitic Cloud
   581 | D:2      | Found a hide-covered altar of Uskayaw.
   699 | D:2      | Found a snail-covered altar of Cheibriados.
   721 | D:2      | Found a faded altar of an unknown god.
   930 | D:2      | Found a blossoming altar of Fedhas.
   981 | D:2      | Found a shimmering altar of Xom.
  1030 | D:2      | Reached skill level 1 in Poison Magic
  1030 | D:2      | Reached XP level 4. HP: 36/36 MP: 5/8
  1118 | D:2      | Reached skill level 1 in Air Magic
  1493 | D:3      | Found a glowing drain.
  1543 | Sewer    | Entered a sewer
  1688 | Sewer    | Noticed a big kobold
  1716 | Sewer    | Killed a big kobold
  1716 | Sewer    | Reached XP level 5. HP: 42/42 MP: 4/9
  1829 | Sewer    | Noticed a big kobold
  1858 | Sewer    | Killed a big kobold
  1858 | Sewer    | Reached XP level 6. HP: 42/49 MP: 4/10
  2232 | Sewer    | Reached XP level 7. HP: 49/55 MP: 4/11
  2892 | D:4      | Reached skill level 5 in Conjurations
  2892 | D:4      | Reached skill level 5 in Poison Magic
  2931 | D:4      | Learned a level 2 spell: Blink
  2934 | D:4      | Learned a level 2 spell: Call Imp
  2992 | D:4      | Found Koont's Gadget Emporium.
  3116 | D:4      | Noticed Robin
  3142 | D:4      | Killed Robin
  3208 | D:4      | Reached skill level 1 in Maces & Flails
  3502 | D:5      | Entered Level 5 of the Dungeon
  3764 | D:5      | Found a shadowy altar of Dithmenos.
  3800 | D:5      | Noticed a two-headed ogre
  3817 | D:5      | Reached XP level 8. HP: 62/62 MP: 8/12
  3850 | D:5      | Killed a two-headed ogre
  3850 | D:5      | Reached skill level 5 in Air Magic
  5121 | D:6      | Got a jewelled short sword {pierce}
  5122 | D:6      | Identified the +7 short sword of Virtue {pierce, MR+ Str+4 Int+5} (You took it off a centaur on level 6 of the Dungeon)
  5128 | D:6      | Learned a level 4 spell: Summon Lightning Spire
  5277 | D:7      | Found a staircase to the Ecumenical Temple.
  5283 | Temple   | Entered the Ecumenical Temple
  5464 | Temple   | Became a worshipper of Warmaster Okawaru
  5580 | D:7      | Reached XP level 9. HP: 67/68 MP: 14/14
  5764 | D:7      | Reached skill level 1 in Short Blades
  6147 | D:8      | Reached * piety under Okawaru
  6150 | D:8      | Reached skill level 5 in Stealth
  6455 | D:8      | Found a deep blue altar of Sif Muna.
  6515 | D:8      | Reached ** piety under Okawaru
  6785 | D:9      | Reached XP level 10. HP: 62/75 MP: 8/16
  6800 | D:9      | Found Focots's Food Shoppe.
  6807 | D:9      | Found Uquot's Distillery.
  6831 | D:9      | Bought a potion of invisibility for 96 gold pieces
  6831 | D:9      | Bought a potion of heal wounds for 60 gold pieces
  6883 | D:9      | Reached *** piety under Okawaru
  6916 | D:9      | Found a shattered altar of Ashenzari.
  6921 | D:9      | Found Tiesilag's Magic Scroll Boutique.
  6938 | D:9      | Bought a scroll of recharging for 161 gold pieces
  7030 | D:9      | Found a glowing silver altar of Zin.
  7035 | D:9      | Found a bloodstained altar of Trog.
  7038 | D:9      | Found a hazy altar of Hepliaklqana.
  7162 | D:10     | Entered Level 10 of the Dungeon
  7560 | D:10     | Reached skill level 5 in Spellcasting
  7664 | D:10     | Found Joibleni's Gadget Shop.
  7681 | D:10     | Noticed a gargoyle
  7699 | D:10     | Killed a gargoyle
  7699 | D:10     | Reached **** piety under Okawaru
  7719 | D:10     | Slain by an orc warrior

Vault maps used:
D:1:      onia_arrival_mini_spirals, hangedman_decor_points, tso_altar
D:2:      lemuel_crystal_altar, lemuel_doored_altar, dancing_weapons_uskayaw,
          marbit_many_paths, ecumenical_altar_2
D:3:      portal_sewer_entry_a, small_statue_intersection, minmay_misc_feat_chi
D:4:      first_bread, serial_shops, shop_statue, uniq_robin
D:5:      nicolae_dithmenos_the_darkroom
D:8:      kennysheep_mini_moat
D:9:      ashenzari_conservatory_becter, minitemple, serial_shops, shop_statue,
          shop, kennysheep_mini
D:10:     lair_0_dummy, erik_orc_1, serial_shops, nicolae_shop_crystal,
          hangedman_fish_farm, uniq_josephine
Temple:   grunt_temple_mini_profane
Sewer:    sewer_co_tree

Skill      XL: |  1  2  3  4  5  6  7  8  9 10 |
---------------+-------------------------------+-----
Conjurations   | 2 3 4 5 6 |  6.9
Poison Magic   | 1 2 3 4 5 |  5.0
Air Magic      | 2 3 4 6 7 8 |  8.2
Maces & Flails | 2 4 |  4.0
Spellcasting   | 4 5 |  5.2
Summonings     | 4 |  4.0
Short Blades   | 3 4 |  4.1
Stealth        | 6 8 |  8.0
Dodging        | |  1.5
Translocations | |  1.0

Action                   |  1- 3 |  4- 6 |  7- 9 | 10-12 || total
-------------------------+-------+-------+-------+-------++-------
Melee: Spear             |     2 |     6 |       |       ||     8
       Dagger            |       |    15 |    34 |       ||    49
       Mace              |       |       |   106 |       ||   106
       Morningstar       |       |       |     8 |       ||     8
       Short sword       |       |       |    64 |    68 ||   132
 Cast: Magic Dart        |    28 |    77 |   150 |    27 ||   282
       Repel Missiles    |     1 |       |     2 |       ||     3
       Mephitic Cloud    |       |     1 |    20 |     6 ||    27
       Call Imp          |       |       |     1 |     1 ||     2
       Summon Lightning  |       |       |     8 |     9 ||    17
 Abil: Spit Poison       |    29 |    35 |    77 |    19 ||   160
  Use: Scroll            |       |       |     4 |     3 ||     7
 Stab: Confused          |       |       |     6 |     4 ||    10
       Sleeping          |       |       |     3 |     2 ||     5
       Distracted        |       |       |     1 |       ||     1
  Eat: Chunk             |     1 |     6 |    19 |     6 ||    32
       Fruit             |       |       |     1 |       ||     1
       Pizza             |       |       |     1 |       ||     1
Armor: Robe              |     1 |       |       |       ||     1
       Leather armour    |       |    14 |    74 |    31 ||   119
Dodge: Dodged            |    10 |    20 |   110 |    36 ||   176
       Deflected         |     1 |     1 |     3 |     3 ||     8
